 Dungeon Crawl Stone Soup version 0.28-a0-1117-g0bdd5ba030 (webtiles) character file.

Game seed: 13339545434634829381

35 ducksouse the Ducker (level 3, 0/25 HPs)
             Began as a Djinni Fire Elementalist on Dec 11, 2021.
             Slain by a gnoll (6 damage)
             ... on level 2 of the Dungeon.
             The game lasted 00:05:45 (1140 turns).

ducksouse the Ducker (Djinni Fire Elementalist)     Turns: 1140, Time: 00:05:46

Health: 0/25       AC:  2    Str:  7    XL:     3   Next: 55%
Gold:   34         EV: 12    Int: 18    God:
                   SH:  0    Dex: 13

rFire   + + .      SeeInvis .   (no weapon)
rCold   x . .      Faith    .   (no shield)
rNeg    . . .      Spirit   .   a - +0 robe
rPois   ∞          Reflect  .   (no helmet)
rElec   .          Harm     .   (no cloak)
rCorr   .          Rampage  .   (no gloves)
Will    .....                   (boots unavailable)
Stlth   ++........              b - amulet of regeneration
HPRegen 0.88/turn               (no ring)
MPRegen 0.00/turn               (no ring)

@: flying
A: sickness immunity, fire resistance 2, cold vulnerability 1, float, innate
caster, hp casting, extra vitality 1
a: no special abilities


You were on level 2 of the Dungeon.
You visited 1 branch of the dungeon, and saw 2 of its levels.

You collected 34 gold pieces.

Inventory:

Armour
 a - a +0 robe (worn)
 d - a +0 plate armour
Jewellery
 b - an amulet of regeneration (around neck)
Potions
 c - a potion of magic
 e - 2 potions of attraction {unknown}


   Skills:
 + Level 2.9 Dodging
 + Level 2.3 Stealth
 + Level 2.7 Spellcasting


You couldn't memorise any spells.
You knew the following spells:

 Your Spells              Type           Power      Damage    Failure   Level
a - Foxfire               Conj/Fire      48%        2x1d6     5%          1
b - Scorch                Fire           24%        2d6       9%          2
c - Conjure Flame         Conj/Fire      12%        6-21      16%         3
d - Inner Flame           Hex/Fire       12%        N/A       16%         3
e - Flame Wave            Conj/Fire      12%        2d5       47%         4
f - Beastly Appendage     Tmut           24%        N/A       5%          1
Your spell library was empty.

Dungeon Overview and Level Annotations

Branches:
Dungeon (2/15)

Altars:

Shops:
D:1 !


Innate Abilities, Weirdness & Mutations

You are immune to sickness and miasma.
You are immune to poison.
Your flesh is very heat resistant. (rF++)
You are vulnerable to cold. (rC-)
You float through the air rather than walking.
You learn spells naturally, not from books.
Your magical power is your life essence.
You have superior vitality. (+4 HP)


Message History

The gnoll hits you with a +1 whip of freezing.
The gnoll freezes you.
The gnoll is no longer more vulnerable to fire.
You are too injured to fight recklessly!
Flames lash the gnoll.
The gnoll is heavily wounded.
The gnoll's fire resistance burns away.
The gnoll closely misses you.
You miscast Scorch.
You are very lightly contaminated with residual magic.
Nothing appears to happen.
The gnoll barely misses you.
The gnoll is no longer more vulnerable to fire.
Flames lash the gnoll.
The gnoll is almost dead.
The gnoll's fire resistance burns away.
Flames lash the gnoll.
The gnoll is almost dead.
The gnoll's fire resistance burns away.
Flames lash the gnoll.
The gnoll is burned terribly!
You kill the gnoll!
The gnoll is no longer more vulnerable to fire.
The gnoll hits you with a +1 whip of freezing!
* * * LOW HITPOINT WARNING * * *
The gnoll freezes you.
* * * LOW HITPOINT WARNING * * *
Your magical contamination has completely faded away.
You are too injured to fight recklessly!
You are too injured to fight recklessly!
You are too injured to fight recklessly!
It was a potion of magic.
Magic washes over you without effect.
There are monsters nearby!
You are too injured to fight recklessly!
Casting: Scorch (safe; 9% risk of failure)
Confirm with . or Enter, or press ? or * to list all spells.
Flames lash the gnoll.
The gnoll is heavily wounded.
The gnoll's fire resistance burns away.
* * * LOW HITPOINT WARNING * * *
The gnoll misses you.
The gnoll hits you with a +1 whip of freezing.
You die...

......#(#..#..##.#.#
...#†.#.......##w#.#
.....###...#.###.#
.............# #.# #
≈.###...<......#)#.# .#
≈.###......#.###.#.#...#
≈.##............g......#
≈.##.....#.#.###.#.#....
#+##.....#.....g@#.# ..
...#.....#.#.##### #
...##.####.#.#.#
...##.####.#.#.#
....#..........###.#
####...[...........#
......####.#.#.#####
#####....#.#.# #
.....#.#.#.#


You could see a worm and 2 gnolls.

Vanquished Creatures
  2 gnolls (D:2)
  An orc (D:2)
  An endoplasm (D:1)
  2 goblins
  A hobgoblin (D:2)
  2 quokkas (D:2)
  A ball python (D:1)
  5 bats
  A frilled lizard (D:1)
  A kobold (D:1)
17 creatures vanquished.

Vanquished Creatures (collateral kills)
  3 foxfires (D:1)
3 creatures vanquished.

Vanquished Creatures (others)
  86 foxfires (D:1)
  A plant (D:1)
87 creatures vanquished.

Grand Total: 107 creatures vanquished

Notes
Turn   | Place    | Note
-------+----------+-------------------------------------------
     0 | D:1      | ducksouse the Djinni Fire Elementalist began the quest for
                  | the Orb.
     0 | D:1      | Reached XP level 1. HP: 15/15 MP: 0/0
   399 | D:1      | Reached XP level 2. HP: 10/21 MP: 0/0
   556 | D:1      | Found Amepiv's Distillery.
   996 | D:2      | Found a faded altar of an unknown god.
  1111 | D:2      | Reached XP level 3. HP: 22/25 MP: 0/0
  1111 | D:2      | Learned a level 1 spell: Beastly Appendage
  1140 | D:2      | Slain by a gnoll

Illustrated notes

Levels and vault maps discovered:
D:1:      giann_bridges, layout_basic, serial_shops, nicolae_shop_statue_plus,
          roderic_roman_lattice
D:2:      layout_basic, nicolae_ecumenical_lake_church, minmay_pentomino_t2

Skill      XL: |  1  2 |
---------------+-------+-----
Stealth        | 2 |  2.3
Dodging        | |  2.9
Spellcasting   | |  2.7

Action                   || total
-------------------------++-------
Melee: Unarmed           ||     9
 Cast: Foxfire           ||    68
       Scorch            ||    17
  Use: Potion            ||     1
Armor: Robe              ||     5
Dodge: Dodged            ||    11

Table legend: (Time is in decaauts)
 A = Elapsed time spent in this place.
 B = Non-inter-level travel time spent in this place.
 C = Inter-level travel time spent in this place.
 D = Time resting spent in this place.
 E = Time spent auto-exploring this place.
 F = Levels seen in this place.
 G = Mean time per level.
                   A        B        C        D        E       F      G
               +--------+--------+--------+--------+--------+-----+--------+
         Total |   1139 |   1139 |      0 |      0 |    231 |   2 |  569.5 |
       Dungeon |   1139 |   1139 |      0 |      0 |    231 |   2 |  569.5 |
               +--------+--------+--------+--------+--------+-----+--------+

Top non-repeatable levels by time:
     D:1: 942 daAuts
     D:2: 197 daAuts
